 Dungeon Crawl Stone Soup version 0.25-a0-860-gf695395b5c (webtiles) character file.

Game seed: 7150862225320499860, levelgen mode: deterministic

36 spriggan3rune the Grasshopper (level 3, 0/18 HPs)
             Began as a Spriggan Warper on Apr 29, 2020.
             Slain by a quokka (4 damage)
             ... on level 2 of the Dungeon.
             The game lasted 00:05:05 (1819 turns).

spriggan3rune the Grasshopper (Spriggan Warper)     Turns: 1819, Time: 00:05:06

Health: 0/18       AC:  2    Str:  7    XL:     3   Next: 19%
Magic:  8/8        EV: 19    Int: 15    God:
Gold:   28         SH:  0    Dex: 15    Spells: 4/8 levels left

rFire    . . .     SeeInvis +   l - +0 dagger
rCold    . . .     Gourm    .   (shield restricted)
rNeg     . . .     Faith    .   b - +0 robe
rPois    .         Spirit   .   (helmet restricted)
rElec    .         Reflect  .   (no cloak)
rCorr    .         Harm     .   (gloves unavailable)
MR       .....                  (boots unavailable)
Stlth    ++........             (no amulet)
HPRegen  0.06/turn              (no ring)
MPRegen  0.11/turn              (no ring)

@: very quick
A: very small, unfitting armour, see invisible, herbivore, speed 3, slow
metabolism 2
a: no special abilities


You were on level 2 of the Dungeon.
You were not hungry.

You visited 1 branch of the dungeon, and saw 2 of its levels.

You collected 28 gold pieces.

Inventory:

Hand Weapons
 l - a +0 dagger (weapon)
Missiles
 e - 3 boomerangs of dispersal
 g - 18 stones (quivered)
Armour
 b - a +0 robe (worn)
Jewellery
 j - an uncursed ring of fire
Scrolls
 d - a scroll of blinking
 h - a scroll of teleportation {unknown}
 m - a scroll of enchant weapon {unknown}
Potions
 c - a potion of ambrosia {unknown}
 i - 2 potions of heal wounds {unknown}
 k - a potion of degeneration {unknown}
Comestibles
 f - 3 rations


   Skills:
 - Level 1.5 Fighting
 + Level 2.6 Short Blades
 + Level 1.5 Throwing
 - Level 4.0 Dodging
 + Level 2.0 Stealth
 + Level 3.1 Spellcasting
 - Level 4.4 Translocations


You had 4 spell levels left.
You knew the following spells:

 Your Spells              Type           Power        Failure   Level  Hunger
a - Blink                 Tloc           N/A          4%          2    ##.....
b - Shroud of Golubria    Chrm/Tloc      #.....       12%         2    ##.....

Your spell library contained the following spells:

 Spells                   Type           Power        Failure   Level  Hunger
 Gell's Gravitas          Tloc           ###.......   10%         3    ###....
 Lesser Beckoning         Tloc           ###.......   10%         3    ###....
 Teleport Other           Tloc           ###.....     10%         3    ###....
 Passage of Golubria      Tloc           N/A          32%         4    #####..


Dungeon Overview and Level Annotations

Branches:
Dungeon (2/15)

Altars:


Innate Abilities, Weirdness & Mutations

You are very small and have problems with some larger weapons.
You are too small for most types of armour.
You have supernaturally acute eyesight. (SInv)
You are a herbivore.
You cover ground extremely quickly.
You need to consume almost no food.


Message History

The quokka misses you.
You barely miss the quokka.
The quokka is severely wounded.
The quokka bites you but does no damage.
You closely miss the quokka.
The quokka is severely wounded.
The quokka bites you.
You are too injured to fight recklessly!
You are too injured to fight recklessly!
You are too injured to fight recklessly!
You are too injured to fight recklessly!
You are too injured to fight recklessly!
You barely miss the quokka.
The quokka is severely wounded.
The quokka bites you.
* * * LOW HITPOINT WARNING * * *
You hit the quokka but do no damage.
The quokka is severely wounded.
The quokka bites you.
You die...

#.......##.#### #.
##.#.##.......# #.
..##..(........ #.
#..##...........
#.##...##...........
#.#....##...........
#.#... ##...........
#.#.##.###########..
#.r@...# #......
###.#### #.###.. #†#
########.###.. #)#
#..........#..
#.###.######.#.#..
#.....# #......
####### ###....
#####


You could see a quokka.

Vanquished Creatures
  2 dart slugs (D:1)
  3 leopard geckos
  A ball python (D:1)
  4 giant cockroaches (D:1)
  2 goblins (D:1)
  2 hobgoblins (D:1)
  2 bats (D:1)
  A frilled lizard (D:1)
  8 kobolds
  A rat (D:1)
26 creatures vanquished.

Notes
Turn   | Place    | Note
-------+----------+-------------------------------------------
     0 | D:1      | spriggan3rune the Spriggan Warper began the quest for the
                  | Orb.
     0 | D:1      | Reached XP level 1. HP: 10/10 MP: 5/5
   207 | D:1      | Reached skill level 1 in Stealth
   333 | D:1      | Reached XP level 2. HP: 12/14 MP: 6/6
  1028 | D:1      | Learned a level 2 spell: Blink
  1031 | D:1      | Learned a level 2 spell: Shroud of Golubria
  1422 | D:1      | Reached XP level 3. HP: 12/18 MP: 8/8
  1819 | D:2      | Slain by a quokka

Levels and vault maps discovered:
D:1:      nzn_arrival_settlement, layout_basic, hangedman_decor_slide_cut
D:2:      layout_loops_cross, lemuel_doored_altar, first_ration

Skill      XL: |  1  2  3 |
---------------+----------+-----
Stealth        | 1 2 |  2.0
Spellcasting   | 3 |  3.1
Dodging        | 4 |  4.0
Fighting       | |  1.5
Short Blades   | |  2.6
Throwing       | |  1.5
Translocations | |  4.4

Action                   || total
-------------------------++-------
Melee: Short sword       ||    91
       Dagger            ||    21
       Whip              ||     6
Throw: Stone             ||    52
       Boomerang         ||     2
 Cast: Blink             ||     1
 Stab: Sleeping          ||     1
Armor: Robe              ||    12
Dodge: Dodged            ||   105

Table legend:
 A = Non-vault XP
 B = Vault XP
 C = Vault XP percentage of total XP
 D = Non-vault monster count
 E = Vault monster count
 F = Vault count percentage of total count
                 A         B        C        D         E       F
            +---------+---------+-------+---------+---------+-------
      Total |      52 |       0 |   0.0 |      26 |       0 |   0.0
            +---------+---------+-------+---------+---------+-------
        D:1 |      48 |       0 |   0.0 |      24 |       0 |   0.0
        D:2 |       4 |       0 |   0.0 |       2 |       0 |   0.0
            +---------+---------+-------+---------+---------+-------
